 Dungeon Crawl Stone Soup version 0.22-a0-283-g1871b15 (webtiles) character file.

791 Auros the Cutter (level 8, -3/52 HPs)
             Began as a Halfling Warper on Mar 18, 2018.
             Was an Initiate of Sif Muna.
             Slain by ultrashaft's ghost (13 damage)
             ... on level 5 of the Dungeon.
             The game lasted 00:52:54 (6177 turns).

Auros the Cutter (Halfling Warper)                  Turns: 6177, Time: 00:52:55

Health: -3/52      AC: 12    Str: 12    XL:     8   Next: 12%
Magic:  12/12      EV: 14    Int: 18    God:    Sif Muna [......]
Gold:   204        SH:  0    Dex: 14    Spells: 6/13 levels left

rFire    . . .     SeeInvis +   d - +1 whip (elec)
rCold    . . .     Gourm    .   (shield restricted)
rNeg     . . .     Faith    .   y - +5 ring mail
rPois    +         Spirit   .   (no helmet)
rElec    .         Reflect  .   n - +0 cloak
rCorr    .         Harm     .   (no gloves)
MR       .....                  (no boots)
Stlth    +.........             (no amulet)
HPRegen  0.17/turn              g - +3 ring of intelligence
MPRegen  0.13/turn              x - ring "Tyrghod" {+Inv rPois Int+2 SInv}

@: no status effects
A: small, mutation resistance 1
a: Renounce Religion, Evoke Invisibility


You were on level 5 of the Dungeon.
You worshipped Sif Muna.
Sif Muna was noncommittal.
You were not hungry.

You visited 2 branches of the dungeon, and saw 6 of its levels.

You collected 204 gold pieces.

Inventory:

Hand Weapons
 a - a +0 falchion
 b - a +2 dagger of draining
 c - a +2 dagger of draining
 d - a +1 whip of electrocution (weapon)
 l - a +2 quarterstaff of chaos
 m - a +1 flail of holy wrath
 o - a +0 mace
 p - a +2 spear of venom
 q - a -1 mace
 s - a +2 trident of distortion
 v - a +0 blowgun
Missiles
 e - 2 tomahawks of dispersal (quivered)
 i - 139 stones
 w - 15 poisoned needles
Armour
 n - a +0 cloak (worn)
 y - a +5 ring mail (worn)
 z - a +1 scale mail of magic resistance
Jewellery
 g - a +3 ring of intelligence (left hand)
 r - an uncursed ring of fire {unknown}
 x - the ring "Tyrghod" (right hand) {+Inv rPois Int+2 SInv}
   (You found it on level 4 of the Dungeon)

   [ring of see invisible]

   It affects your intelligence (+2).
   It protects you from poison.
   It lets you see invisible.
   It lets you turn invisible.
Wands
 k - a wand of random effects (9)
Scrolls
 h - a scroll of identify
 u - a scroll of fog {unknown}
Potions
 j - 2 potions of curing
 t - a potion of brilliance
 A - 2 potions of resistance {unknown}
 B - a potion of might {unknown}
Comestibles
 f - 6 rations


   Skills:
 + Level 3.5 Fighting
 - Level 4.2(4.6) Short Blades
 - Level 2.2(3.2) Long Blades
 * Level 1.2 Maces & Flails
 * Level 2.7 Throwing
 + Level 3.7 Armour
 + Level 3.6 Dodging
 + Level 1.1 Stealth
 * Level 3.1 Spellcasting
 + Level 3.2 Translocations


You had 6 spell levels left.
You knew the following spells:

 Your Spells              Type           Power        Failure   Level  Hunger
a - Blink                 Tloc           N/A          13%         2    ##.....
b - Teleport Other        Tloc           ##......     26%         3    ###....
c - Shroud of Golubria    Chrm/Tloc      #.........   26%         2    ##.....


Dungeon Overview and Level Annotations

Branches:
Dungeon (5/15)             Temple (1/1) D:4

Altars:
Nemelex Xobeh
Qazlal
Ru
Sif Muna
Uskayaw

Annotations:
D:5 ultrashaft's ghost, novice OgBe


Innate Abilities, Weirdness & Mutations

You are small and have problems with some larger weapons.
You are somewhat resistant to further mutation.


Message History

You hit the jelly. Lightning courses through the jelly!
You kill the jelly!
Sif Muna accepts your kill.
You start resting.
HP restored.
You climb downwards.
Level annotation: ultrashaft's ghost, novice OgBe Ultrashaft's ghost hits you!!
There is a stone staircase leading up, spattered with blood here.
You hit ultrashaft's ghost but do no damage.
Lightning courses through ultrashaft's ghost!
Ultrashaft's ghost is lightly damaged.
Ultrashaft's ghost hits you!
You hit ultrashaft's ghost but do no damage.
Ultrashaft's ghost is lightly damaged.
Ultrashaft's ghost hits you!
* * * LOW HITPOINT WARNING * * *
Ultrashaft's ghost laughs crazily.
Ultrashaft's ghost hits you!
You die...

####..########..##.#
#....## ##..#.#
###.#### ##...#####
#...# #######.....#
#.### #...# #?###....
##.# #...# #.# ## #..#
#..<# #.# #.##
####W..###.######
###.#
#..@..............
....#
#####.##...###..######
....######.....##...#
##..#
...........######...#
#.# ....######## #...#
.# ....# #...# ..
....# ##### #.. ....#
#. ....#


You could see ultrashaft's ghost.

Vanquished Creatures
  An ogre (D:4)
  A gnoll sergeant (D:4)
  A scorpion (D:3)
  A jelly (D:4)
  A centaur skeleton (D:2)
  An orc priest (D:3)
  A bullfrog skeleton (D:4)
  2 hounds
  Crazy Yiuf (D:2)
  3 orc wizards
  2 worker ants (D:4)
  6 gnolls
  8 adders
  2 oozes
  3 worms
  2 leopard geckos
  18 orcs
  8 bats
  3 giant cockroaches
  4 goblins
  11 hobgoblins
  11 jackals
  3 quokkas
  8 frilled lizards
  A jackal skeleton (D:4)
  12 kobolds
  A leopard gecko skeleton (D:4)
  7 rats
123 creatures vanquished.

Notes
Turn   | Place    | Note
-------+----------+-------------------------------------------
     0 | D:1      | Auros the Halfling Warper began the quest for the Orb.
     0 | D:1      | Reached XP level 1. HP: 14/14 MP: 3/3
   174 | D:1      | Reached XP level 2. HP: 19/19 MP: 4/4
   556 | D:1      | Reached XP level 3. HP: 20/24 MP: 5/5
  1076 | D:2      | Reached XP level 4. HP: 26/30 MP: 6/6
  1214 | D:2      | Reached skill level 1 in Short Blades
  1594 | D:2      | Found a runed door.
  1598 | D:2      | Noticed Crazy Yiuf
  1608 | D:2      | Killed Crazy Yiuf
  1608 | D:2      | Reached skill level 2 in Short Blades
  1608 | D:2      | Reached XP level 5. HP: 5/36 MP: 6/8
  2235 | D:3      | Reached XP level 6. HP: 38/41 MP: 9/9
  2491 | D:3      | Reached skill level 3 in Short Blades
  2590 | D:3      | Found a sacrificial altar of Ru.
  2597 | D:3      | Became a worshipper of Ru the Awakened
  2897 | D:4      | Found a staircase to the Ecumenical Temple.
  2908 | D:4      | Got a fine lead ring
  2927 | Temple   | Entered the Ecumenical Temple
  2946 | Temple   | Fell from the grace of Ru
  2946 | Temple   | Became a worshipper of Sif Muna the Loreminder
  2948 | Temple   | Identified the ring "Tyrghod" {+Inv rPois Int+2 SInv} (You found it on level 4 of the Dungeon)
  3217 | D:3      | Reached XP level 7. HP: 20/46 MP: 10/10
  3570 | D:4      | Reached skill level 1 in Stealth
  4344 | D:4      | Reached skill level 4 in Short Blades
  5771 | D:5      | Entered Level 5 of the Dungeon
  5781 | D:4      | Learned a level 2 spell: Blink
  5785 | D:4      | Learned a level 3 spell: Teleport Other
  5788 | D:4      | Learned a level 2 spell: Shroud of Golubria
  5799 | D:4      | Reached skill level 1 in Maces & Flails
  5799 | D:4      | Reached XP level 8. HP: 46/52 MP: 12/12
  5945 | D:5      | Noticed ultrashaft's ghost (novice OgBe)
  6177 | D:5      | Slain by ultrashaft's ghost

Vault maps used:
D:1:      minmay_arrival_widening_spiral_wide
D:2:      uniq_crazy_yiuf_cottage
D:3:      lemuel_round_altar
D:4:      minmay_temple_entry_glass, first_ration, minmay_close_crescents
D:5:      nicolae_overflow_hidden_temple
Temple:   jpeg_temple_clearing

Skill      XL: |  1  2  3  4  5  6  7  8 |
---------------+-------------------------+-----
Fighting       | 2 3 |  3.5
Armour         | 2 3 |  3.7
Short Blades   | 2 3 4 |  4.2
Spellcasting   | 2 3 |  3.1
Dodging        | 3 |  3.6
Stealth        | 1 |  1.1
Throwing       | 2 |  2.7
Maces & Flails | 1 |  1.2
Long Blades    | |  2.2
Translocations | |  3.2

Action                   |  1- 3 |  4- 6 |  7- 9 || total
-------------------------+-------+-------+-------++-------
Melee: Falchion          |    60 |       |       ||    60
       Dagger            |    62 |   227 |   114 ||   403
       Whip              |       |       |    60 ||    60
 Fire: Blowgun           |       |     1 |     9 ||    10
Throw: Tomahawk          |       |       |     3 ||     3
 Cast: Shroud of Golubri |       |       |     1 ||     1
Evoke: Wand              |       |       |     1 ||     1
  Use: Potion            |     3 |     1 |     1 ||     5
       Scroll            |     1 |     4 |     6 ||    11
 Stab: Sleeping          |     1 |     1 |       ||     2
       Distracted        |       |       |     1 ||     1
  Eat: Ration            |     1 |       |     3 ||     4
       Chunk             |       |     4 |     1 ||     5
Armor: Leather armour    |    25 |    23 |       ||    48
       Ring mail         |       |    11 |    44 ||    55
Dodge: Dodged            |    96 |   133 |   107 ||   336
       Rpst.: Falchion   |     9 |       |       ||     9

Table legend:
 A = Spawn XP
 B = Non-spawn XP
 C = Spawn XP percentage of total XP
 D = Spawn monster count
 E = Non-spawn monster count
 F = Spawn count percentage of total count
 G = Total turns spent on level
                    A         B        C        D         E        F      G
               +---------+---------+-------+---------+---------+-------+---------
         Total |       0 |    1130 |   0.0 |       0 |     123 |   0.0 |  6177
               +---------+---------+-------+---------+---------+-------+---------
           D:1 |       0 |      58 |   0.0 |       0 |      29 |   0.0 |   903
           D:2 |       0 |     160 |   0.0 |       0 |      29 |   0.0 |  1362
           D:3 |       0 |     271 |   0.0 |       0 |      33 |   0.0 |  1366
           D:4 |       0 |     586 |   0.0 |       0 |      27 |   0.0 |  1967
           D:5 |       0 |      43 |   0.0 |       0 |       1 |   0.0 |   158
        Temple |       0 |      12 |   0.0 |       0 |       4 |   0.0 |   421
               +---------+---------+-------+---------+---------+-------+---------
